 Seeded DCSS version 0.28-a0-664-gc179e30c89 (webtiles) character file.

Game seed: 20211016 (custom seed)

123 a11behringer the Cudgeller (level 5, -6/33 HPs)
             Began as a Gargoyle Berserker on Oct 16, 2021.
             Was a Believer of Trog.
             Shot with an arrow by a centaur (9 damage)
             ... on level 3 of the Dungeon.
             The game lasted 00:06:28 (2760 turns).

a11behringer the Cudgeller (Gargoyle Berserker)     Turns: 2760, Time: 00:06:29

Health: -6/33      AC: 11    Str: 20    XL:     5   Next: 7%
Magic:  5/5        EV: 11    Int:  8    God:    Trog [**....]
Gold:   136        SH:  0    Dex: 10    Spells: 4/4 levels left

rFire   + . .      SeeInvis .   a - +0 mace
rCold   . . .      Faith    .   (no shield)
rNeg    + . .      Spirit   .   l - +0 ring mail
rPois   ∞          Reflect  .   o - +0 helmet
rElec   +          Harm     .   (no cloak)
rCorr   .          Rampage  .   (no gloves)
Will    +++..                   f - +0 pair of boots
Stlth   ..........              (no amulet)
HPRegen 1.11/turn               d - ring of protection from fire
MPRegen 0.09/turn               n - ring of willpower

@: strong-willed, regenerating
A: sickness immunity, AC +4, negative energy resistance 1, electricity
resistance, torment resistance 1, petrification resistance
a: Renounce Religion, Berserk, Trog's Hand


You were on level 3 of the Dungeon.
You worshipped Trog.
Trog was pleased with you.
You visited 1 branch of the dungeon, and saw 3 of its levels.

You collected 136 gold pieces.

Inventory:

Hand Weapons
 a - a +0 mace (weapon)
Missiles
 h - 19 bolts
 i - 16 arrows
Armour
 b - a +0 animal skin
 f - a +0 pair of boots (worn)
 l - a +0 ring mail (worn)
 o - a +0 helmet (worn)
 p - a scarf of invisibility
Jewellery
 d - a ring of protection from fire (left hand)
 n - a ring of willpower (right hand)
Scrolls
 c - a scroll of blinking {unknown}
 e - 2 scrolls of noise {unknown}
 k - 2 scrolls of identify {unknown}
Potions
 g - 2 potions of mutation {unknown}
 j - a potion of flight {unknown}
 m - a potion of brilliance {unknown}


   Skills:
 + Level 3.9 Fighting
 * Level 4.8 Maces & Flails
 + Level 2.5 Armour
 + Level 2.1 Dodging


You had 4 spell levels left.
You didn't know any spells.
Your spell library was empty.

Dungeon Overview and Level Annotations

Branches:
Dungeon (3/15)

Altars:


Innate Abilities, Weirdness & Mutations

You are immune to sickness and miasma.
Your stone body is resilient. (AC +4)
You are immune to poison.
You resist negative energy. (rN+)
You are resistant to electric shocks. (rElec)
You are resistant to unholy torment.
You are immune to petrification.


Message History

You enter the shallow water.
Moving in this stuff is going to be slow.
You enter the shallow water.
Moving in this stuff is going to be slow.
There is an open door here.
There is an open door here.
You now have 111 gold pieces (gained 11).
You now have 123 gold pieces (gained 12).
There is an open door here.
There is an open door here.
There is a stone staircase leading up here.
Partly explored, can't reach some places.
Partly explored, can't reach some places.
Partly explored, can't reach some places.
There is a stone staircase leading down here.
You climb downwards.
There is a stone staircase leading up here.
You now have 136 gold pieces (gained 13).
Found a ring mail.
A rat comes into view.
A rat is nearby!
The rat misses you.
You thump the rat!
You kill the rat!
Trog accepts your kill.
Found a robe.
You see here a rat corpse.
A centaur comes into view.
The centaur shouts!
The centaur wields a +0 shortbow.
The centaur shoots an arrow.
The arrow hits you!
The centaur shoots an arrow.
The arrow barely misses you.
The centaur shoots an arrow.
The arrow hits you.
The centaur shoots an arrow.
The arrow hits you!
The centaur shoots an arrow.
The arrow hits you!
* * * LOW HITPOINT WARNING * * *
Your skin crawls.
You feel strong-willed.
The centaur shoots an arrow.
The arrow barely misses you.
The centaur shoots an arrow.
The arrow hits you!
You die...

#[..# ### #.#..
..# #...# #.#
#...####.#
#....##.# ###
#.#.##.#
.....##......####
#....@...†...[#
#..###..#####.##
# #c.####.#.##
....#...###.##
#.##.#... ##.# #.
#.#...###.## .
..##.#.#.## ##
####.##.#####
#........#


You could see a centaur.

Vanquished Creatures
  A bullfrog skeleton (D:2)
  3 adders (D:2)
  2 worms (D:2)
  6 dart slugs
  4 bats
  An endoplasm (D:1)
  A giant cockroach (D:1)
  5 goblins
  6 hobgoblins
  7 jackals
  3 kobolds (D:2)
  3 ball pythons
  2 frilled lizards
  4 rats
48 creatures vanquished.

Notes
Turn   | Place    | Note
-------+----------+-------------------------------------------
     0 | D:1      | a11behringer the Gargoyle Berserker began the quest for the
                  | Orb.
     0 | D:1      | Reached XP level 1. HP: 14/14 MP: 1/1
   552 | D:1      | Reached XP level 2. HP: 19/19 MP: 2/2
  1308 | D:2      | Reached XP level 3. HP: 14/23 MP: 3/3
  1332 | D:2      | Reached skill level 4 in Maces & Flails
  1527 | D:2      | Found a faded altar of an unknown god.
  1545 | D:2      | Reached ** piety under Trog
  1737 | D:2      | Reached XP level 4. HP: 25/29 MP: 4/4
  2362 | D:2      | Reached XP level 5. HP: 27/33 MP: 5/5
  2756 | D:3      | Noticed a centaur
  2758 | D:3      | HP: 1/33 [centaur/arrow (9)]
  2760 | D:3      | Shot with an arrow by a centaur

Illustrated notes

Levels and vault maps discovered:
D:1:      nzn_arrival_crosshair, layout_loops_corners
D:2:      layout_basic, hellmonk_ecumenical_altar_heavens_door,
          minmay_misc_feat_ornament, lemuel_another_geyser
D:3:      layout_loops_cross, minmay_goblin_outpost, uniq_grinder

Skill      XL: |  1  2  3 |
---------------+----------+-----
Maces & Flails | 4 |  4.8
Dodging        | 2 |  2.1
Fighting       | |  3.9
Armour         | |  2.5

Action                   |  1- 3 |  4- 6 || total
-------------------------+-------+-------++-------
Melee: Mace              |    91 |    83 ||   174
Invok: Berserk           |       |     2 ||     2
       Trog's Hand       |       |     2 ||     2
Armor: Animal skin       |    27 |       ||    27
       Ring mail         |     5 |    32 ||    37
Dodge: Dodged            |    56 |    57 ||   113

Table legend: (Time is in decaauts)
 A = Elapsed time spent in this place.
 B = Non-inter-level travel time spent in this place.
 C = Inter-level travel time spent in this place.
 D = Time resting spent in this place.
 E = Time spent auto-exploring this place.
 F = Levels seen in this place.
 G = Mean time per level.
                   A        B        C        D        E       F      G
               +--------+--------+--------+--------+--------+-----+--------+
         Total |   2816 |   2542 |    274 |      0 |   2141 |   3 |  938.7 |
       Dungeon |   2816 |   2542 |    274 |      0 |   2141 |   3 |  938.7 |
               +--------+--------+--------+--------+--------+-----+--------+

Top non-repeatable levels by time:
     D:2: 1491 daAuts
     D:1: 1267 daAuts
     D:3: 58 daAuts
